 Dungeon Crawl Stone Soup version 0.24-a0-536-gdd4cf15266 (webtiles) character file.

Game seed: 5737759470989056515

16519 BinkBink the Protected (level 12, -11/109 HPs)
             Began as a Deep Dwarf Berserker on Aug 11, 2019.
             Was an Elder of Trog.
             Mangled by Sonja
             ... wielding a +1 short sword of distortion
              (14 damage)
             ... on level 12 of the Dungeon.
             The game lasted 00:36:40 (10557 turns).

BinkBink the Protected (Deep Dwarf Berserker)      Turns: 10557, Time: 00:36:42

Health: -11/109    AC: 17    Str: 27    XL:     12   Next: 10%
Magic:  2/2        EV: 15    Int:  9    God:    Trog [****..]
Gold:   484        SH: 12    Dex: 18    Spells: 11/11 levels left

rFire    . . .     SeeInvis .   K - +7 falchion of Pein {slice, rF- Dex+2 Stlth+}
rCold    . . .     Gourm    .   S - +0 shield
rNeg     . . .     Faith    .   I - +0 acid dragon scales
rPois    .         Spirit   .   l - +2 helmet
rElec    .         Reflect  .   M - +2 cloak
rCorr    +         Harm     .   (no gloves)
MR       +....                  G - +0 pair of boots
Stlth    +++.......             (no amulet)
HPRegen  0.00/turn              b - +4 ring of dexterity
MPRegen  0.08/turn              N - ring "Fyoweem" {rF+ Str+2}

@: about to teleport, non-regenerating, lightly drained
A: damage resistance, heal wounds, sense surroundings 2, no regeneration
a: Heal Wounds, Berserk, Trog's Hand, Brothers in Arms, Renounce Religion


You were on level 12 of the Dungeon.
You worshipped Trog.
Trog was greatly pleased with you.
You were not hungry.

You visited 1 branch of the dungeon, and saw 12 of its levels.
You also visited: Sewer.

You collected 684 gold pieces.
You spent 200 gold pieces at shops.

Inventory:

Hand Weapons
 n - a +1 hunting sling of flaming
 K - the +7 falchion of Pein (weapon) {slice, rF- Dex+2 Stlth+}
   (You bought it in a shop on level 6 of the Dungeon)

   It inflicts extra damage upon your enemies.
   It affects your dexterity (+2).
   It makes you vulnerable to fire.
   It makes you more stealthy.
Missiles
 s - 382 stones (quivered)
 F - 138 sling bullets
Armour
 l - a +2 helmet (worn)
 G - a +0 pair of boots (worn)
 I - +0 acid dragon scales (worn)
 M - a +2 cloak (worn)
 S - a +0 shield (worn)
Jewellery
 b - a +4 ring of dexterity (left hand)
 t - an uncursed ring of resist corrosion
 A - an uncursed ring of fire
 D - an uncursed ring of poison resistance
 N - the ring "Fyoweem" (right hand) {rF+ Str+2}
   (You took it off a gnoll on level 7 of the Dungeon)

   [ring of protection from fire]

   It affects your strength (+2).
   It protects you from fire.
 Q - the ring "Buav" {*Tele rN+}
   (You found it on level 8 of the Dungeon)

   [ring of teleportation]

   It may teleport you next to monsters.
   It protects you from negative energy.
 W - a cursed -3 ring of intelligence
Wands
 p - a wand of random effects (41)
 y - a wand of acid (8)
 J - a wand of clouds (4)
 O - a wand of polymorph (6)
 P - a wand of iceblast (24)
 R - a wand of digging (2)
 U - a wand of disintegration (9)
 X - a wand of paralysis (9)
 Y - a wand of flame (19)
Scrolls
 d - 4 scrolls of remove curse
 f - a scroll of random uselessness {unknown}
 h - 6 scrolls of teleportation
 j - 7 scrolls of identify
 m - 3 scrolls of amnesia
 q - 2 scrolls of magic mapping {unknown}
 z - a scroll of blinking {unknown}
 B - a scroll of enchant armour
 H - a scroll of fog {unknown}
 T - a scroll of vulnerability
 Z - 2 scrolls of enchant weapon {unknown}
Potions
 a - 3 potions of brilliance {unknown}
 e - 7 potions of haste {unknown}
 g - 5 potions of curing {unknown}
 i - 2 potions of magic {unknown}
 o - 3 potions of agility {unknown}
 r - a potion of might {unknown}
 u - 2 potions of resistance {unknown}
 v - 2 potions of lignification {unknown}
 w - 2 potions of cancellation {unknown}
 x - 3 potions of heal wounds {unknown}
 C - 3 potions of degeneration {unknown}
 E - 3 potions of flight {unknown}
 V - a potion of berserk rage {unknown}
Comestibles
 c - 16 rations


   Skills:
 + Level 7.6(7.3) Fighting
   Level 3.6(6.8) Short Blades
 + Level 10.2 Long Blades
   Level 6.2(6.0) Maces & Flails
 + Level 3.4(3.2) Slings
 + Level 10.7(10.4) Armour
 + Level 7.2(7.0) Dodging
 + Level 2.3(2.1) Stealth
 + Level 6.8(6.5) Shields


You had 11 spell levels left.
You didn't know any spells.
Your spell library contained the following spells:

 Spells                   Type           Power        Failure   Level  Hunger
 Beastly Appendage        Tmut           #.....       80%         1    ##.....
 Shock                    Conj/Air       #...         80%         1    ##.....
 Sticks to Snakes         Tmut           #.......     91%         2    ###....
 Swiftness                Chrm/Air       #.......     91%         2    ###....
 Spider Form              Tmut/Pois      #.........   99%         3    ####...
 Static Discharge         Conj/Air       #.......     99%         3    ####...
 Airstrike                Air            #.........   100%        4    #####..
 Ice Form                 Ice/Tmut       #.......     100%        4    #####..
 Blade Hands              Tmut           #.........   100%        5    ######.
 Lightning Bolt           Conj/Air       #.........   100%        5    ######.


Dungeon Overview and Level Annotations

Branches:
Dungeon (12/15)            Temple (0/1) D:6            Lair (0/6) D:11
    Orc (0/2) D:12

Altars:
Elyvilon
Fedhas
Kikubaaqudgha
Makhleb
Nemelex Xobeh
Trog
Zin
The Shining One

Shops:
D:6 (   D:9 *

Annotations:
D:9 exclusion: ice statue
D:12 Sonja


Innate Abilities, Weirdness & Mutations

You are resistant to damage.
You can heal yourself by infusing magical energy.
You passively map the area around you.
You do not regenerate.


Message History

You feel less resistant to hostile enchantments.
The bullfrog moves out of view.
You barely miss Sonja.
Sonja is moderately wounded.
You block Sonja's attack. Sonja hits you but does no damage.
Space warps horribly around you! You block Sonja's attack.
You completely miss Sonja.
Sonja is moderately wounded.
You block Sonja's attack. Sonja misses you.
Sonja hits you with a +1 short sword of distortion.
Space warps horribly around you!
* * * LOW HITPOINT WARNING * * *
You hit Sonja.
Sonja is heavily wounded.
Sonja hits you but does no damage.
You feel strangely unstable. Sonja hits you but does no damage.
Space warps horribly around you!!
* * * LOW HITPOINT WARNING * * *
You block Sonja's attack. Sonja hits you but does no damage.
Space warps horribly around you!
You die...

* , , ############ , , ,,, ##
####.....(....# F. *
.###....####..#.## .
.#...#######.(.[####.########
.#.###*#..^...........#8...8#
...# ...##..#..###..##.....# ..##
#*###..#......#*#..>..# .##
*,..#......K@.#####.....# .# *
#...............#8...8#
.######..[........#######)#######
[##...............##....C)(.D.#..
..#.#................$#######...#
((......#......).............####
.##...............#..........###.
.#......##.......................
......####.#......#..............


You could see Sonja.

Vanquished Creatures
  2 two-headed ogres
  Urug (D:10)
  Nergalle (D:10)
  A wizard (D:12)
  2 ugly things
  A manticore (D:11)
  Maurice (D:8)
  Joseph (D:10)
  A komodo dragon (D:11)
  2 trolls
  A merfolk (D:9)
  A hornet (D:10)
  4 hippogriffs
  Grum (D:9)
  18 yaks
  A hungry ghost (D:9)
  Duvessa (D:7)
  An acid dragon (D:11)
  Purgy (Sewer)
  4 orc warriors
  4 phantoms
  2 ice beasts
  2 necrophages (D:10)
  A hornet zombie (D:7)
  5 sky beasts
  2 wolves (D:9)
  5 centaurs
  7 ogres
  A crocodile (D:11)
  8 big kobolds
  5 bullfrogs
  A gnoll sergeant (D:12)
  A water moccasin zombie (D:8)
  A wyvern skeleton (D:9)
  Dowan (D:7)
  5 scorpions
  3 howler monkeys (D:11)
  8 wights (D:11)
  6 crimson imps
  A bullfrog zombie (D:12)
  A centaur zombie (D:5)
  11 hounds
  A quasit (D:7)
  4 bullfrog skeletons
  3 centaur skeletons
  3 jellies
  5 orc priests
  10 orc wizards
  2 gnoll shamans
  2 iguanas
  10 worker ants
  A hound skeleton (D:7)
  2 worker ant zombies
  13 gnolls
  14 adders
  A river rat (D:6)
  A shadow imp (D:12)
  A white imp (D:11)
  2 oozes (D:3)
  2 adder zombies (D:5)
  A dart slug (D:1)
  2 leopard geckos
  42 orcs
  2 ball pythons
  7 bats
  6 giant cockroaches
  12 goblins
  7 hobgoblins
  6 jackals
  26 kobolds
  5 quokkas
  6 frilled lizards
  A giant cockroach zombie (D:6)
  A quokka skeleton (D:5)
  7 rats
335 creatures vanquished.

Vanquished Creatures (others)
  2 plants (D:11)
2 creatures vanquished.

Grand Total: 337 creatures vanquished

Notes
Turn   | Place    | Note
-------+----------+-------------------------------------------
     0 | D:1      | BinkBink the Deep Dwarf Berserker began the quest for the
                  | Orb.
     0 | D:1      | Reached XP level 1. HP: 20/20 MP: 1/1
   219 | D:1      | Reached XP level 2. HP: 24/27 MP: 2/2
   528 | D:1      | Reached XP level 3. HP: 14/34 MP: 3/3
   963 | D:2      | Reached ** piety under Trog
   986 | D:2      | Reached XP level 4. HP: 26/42 MP: 4/4
  1011 | D:2      | You fall into a shaft and drop 1 floor!
  1049 | D:3      | Found a bloodstained altar of Trog.
  1245 | D:2      | Reached XP level 5. HP: 16/49 MP: 5/5
  1345 | D:2      | Found a blossoming altar of Fedhas.
  2065 | D:3      | Found a faded altar of an unknown god.
  2293 | D:3      | Reached skill level 1 in Slings
  2560 | D:4      | Found a burning altar of Makhleb.
  2568 | D:4      | Reached XP level 6. HP: 39/56 MP: 6/6
  2579 | D:4      | Reached skill level 5 in Maces & Flails
  2963 | D:5      | Entered Level 5 of the Dungeon
  3018 | D:5      | Reached XP level 7. HP: 35/64 MP: 7/7
  3301 | D:5      | HP: 3/66 [orc priest/nerve-wracking pain (12)]
  3665 | D:5      | Reached XP level 8. HP: 40/73 MP: 7/7
  3725 | D:5      | Reached skill level 5 in Armour
  3857 | D:5      | Reached skill level 1 in Short Blades
  4415 | D:6      | Reached *** piety under Trog
  4430 | D:6      | Reached skill level 5 in Fighting
  4620 | D:6      | Found Kaokol's Antique Weapon Boutique.
  4835 | D:6      | Found a glowing drain.
  4858 | Sewer    | Entered a sewer
  4940 | Sewer    | Noticed Purgy
  4976 | Sewer    | Killed Purgy
  5084 | D:6      | Found a staircase to the Ecumenical Temple.
  5155 | D:6      | Bought a bloodstained falchion for 200 gold pieces
  5155 | D:6      | Identified the +7 falchion of Pein {slice, rF- Dex+2
                  | Stlth+} (You bought it in a shop on level 6 of the Dungeon)
  5308 | D:7      | Noticed Dowan
  5310 | D:7      | Noticed Duvessa
  5320 | D:7      | Killed Dowan
  5336 | D:7      | Killed Duvessa
  5336 | D:7      | Gained mutation: You passively map the area around you.
                  | [Deep Dwarf growth]
  5336 | D:7      | Reached XP level 9. HP: 48/81 MP: 7/7
  5395 | D:7      | Reached skill level 1 in Long Blades
  5435 | D:7      | Identified the ring "Fyoweem" {rF+ Str+2}
  5730 | D:7      | Reached skill level 5 in Dodging
  5972 | D:8      | Received a gift from Trog
  6254 | D:8      | Got a brightly glowing steel ring
  6522 | D:8      | Noticed Maurice
  6564 | D:8      | Killed Maurice
  6564 | D:8      | Reached skill level 5 in Long Blades
  6993 | D:9      | Found an ancient bone altar of Kikubaaqudgha.
  7000 | D:9      | Found Omiles's General Store.
  7041 | D:9      | Reached XP level 10. HP: 54/91 MP: 8/8
  7247 | D:9      | Noticed Grum
  7284 | D:9      | Killed Grum
  7335 | D:9      | Reached skill level 1 in Shields
  7606 | D:9      | Noticed an ice statue
  7624 | D:9      | Found a glowing silver altar of Zin.
  7624 | D:9      | Found a glowing golden altar of the Shining One.
  7624 | D:9      | Found a white marble altar of Elyvilon.
  7701 | D:10     | Entered Level 10 of the Dungeon
  7761 | D:10     | Noticed Joseph
  7781 | D:10     | Reached **** piety under Trog
  7800 | D:10     | Killed Joseph
  7800 | D:10     | Reached skill level 1 in Stealth
  7923 | D:10     | Noticed Nergalle
  7955 | D:10     | Killed Nergalle
  8146 | D:10     | Noticed Urug
  8193 | D:10     | Killed Urug
  8193 | D:10     | Reached XP level 11. HP: 48/99 MP: 8/8
  8267 | D:10     | Paralysed by a hornet for 2 turns
  8273 | D:10     | Paralysed by a hornet for 2 turns
  8277 | D:10     | Reached skill level 10 in Armour
  8358 | D:10     | Found a sparkling altar of Nemelex Xobeh.
  8979 | D:11     | Noticed a two-headed ogre
  8994 | D:11     | Killed a two-headed ogre
  9115 | D:11     | Reached skill level 5 in Shields
  9195 | D:11     | Noticed a brown ugly thing
  9211 | D:11     | Killed a brown ugly thing
  9220 | D:11     | Received a gift from Trog
  9290 | D:11     | Found a staircase to the Lair.
  9321 | D:11     | Identified the ring "Buav" {*Tele rN+} (You found it on
                  | level 8 of the Dungeon)
  9847 | D:12     | Noticed a brown ugly thing
  9866 | D:12     | Killed a brown ugly thing
  9866 | D:12     | Reached skill level 10 in Long Blades
  9881 | D:12     | Noticed a wizard
  9882 | D:12     | Noticed Sonja
  9885 | D:12     | Noticed a five-headed hydra
 10068 | D:12     | Found a staircase to the Orcish Mines.
 10257 | D:12     | Reached XP level 12. HP: 109/109 MP: 4/4
 10266 | D:12     | Noticed a two-headed ogre
 10281 | D:12     | Killed a two-headed ogre
 10557 | D:12     | HP: 3/109 [Sonja/+1 short sword of distortion (19)]
 10557 | D:12     | Mangled by Sonja

Levels and vault maps discovered:
D:1:      lightli_arrival_statue_moat, layout_basic
D:2:      layout_basic, lemuel_coloured_pillars_altar, serial_rivers,
          chequers_serial_rivers_micro_e, chequers_serial_rivers_micro_d,
          chequers_serial_rivers_micro_c, chequers_serial_rivers_marsh,
          chequers_serial_rivers_small_b, chequers_serial_rivers_micro_b,
          minivault_14
D:3:      layout_basic, lemuel_doored_altar,
          chequers_ecumenical_altar_simple_redux, first_ration
D:4:      layout_gridville, makhleb_heckhound_becter, grunt_decor_arrowhead
D:5:      layout_layer_cave, glass_columns_a
D:6:      layout_loops_ring, temple_doors_cd, portal_sewer_entry_b,
          serial_shops, shop
D:7:      minmay_spotlight, layout_rooms, uniq_duvessa
D:8:      layout_layer_cave, uniq_maurice
D:9:      lemuel_ice_statue, layout_cave_pools, good_gods_mini_temple,
          serial_shops, shop, hangedman_fish_farm, kennysheep_flooded_box,
          lemuel_altar_in_water, uniq_grum
D:10:     layout_irregular_city, nemelex_altar_shiori, uniq_urug, uniq_nergalle,
          uniq_joseph
D:11:     layout_roguey, david_lair_shrubbed, minmay_fire_ice_demons
D:12:     layout_rooms, kennysheep_orc_monster_closet_entryway, uniq_sonja

Skill      XL: |  1  2  3  4  5  6  7  8  9 10 11 12 |
---------------+-------------------------------------+-----
Fighting       | 3 4 5 6 7 |  7.6
Maces & Flails | 4 5 6 |  6.2
Dodging        | 3 4 5 6 7 |  7.2
Slings         | 1 2 3 |  3.4
Armour         | 3 4 6 8 9 10 | 10.7
Short Blades   | 3 |  3.6
Long Blades    | 5 8 10 | 10.2
Shields        | 3 6 |  6.8
Stealth        | 1 2 |  2.3

Action                   |  1- 3 |  4- 6 |  7- 9 | 10-12 || total
-------------------------+-------+-------+-------+-------++-------
Melee: Mace              |    95 |   229 |   157 |       ||   481
       Short sword       |       |       |   220 |       ||   220
       Falchion          |       |       |   169 |   706 ||   875
 Fire: Hunting sling     |       |    33 |    28 |       ||    61
Invok: Trog's Hand       |       |     6 |    16 |    25 ||    47
 Abil: Heal Wounds       |     5 |       |     6 |    28 ||    39
Evoke: Wand              |       |       |       |     4 ||     4
  Use: Scroll            |       |       |       |     7 ||     7
 Stab: Sleeping          |     1 |       |       |     2 ||     3
  Eat: Chunk             |       |     8 |    18 |    16 ||    42
       Ration            |       |       |     1 |     3 ||     4
Armor: Animal skin       |    23 |    15 |       |       ||    38
       Chain mail        |       |   127 |   440 |   178 ||   745
       Acid dragon scale |       |       |       |   225 ||   225
Dodge: Dodged            |    75 |   183 |   419 |   384 ||  1061
Block: Shield            |       |       |       |   417 ||   417
       Rpst.: Falchion   |       |       |    33 |    53 ||    86

Table legend:
 A = Non-vault XP
 B = Vault XP
 C = Vault XP percentage of total XP
 D = Non-vault monster count
 E = Vault monster count
 F = Vault count percentage of total count
                 A         B        C        D         E       F
            +---------+---------+-------+---------+---------+-------
      Total |   17472 |    6127 |  26.0 |     288 |      47 |  14.0
            +---------+---------+-------+---------+---------+-------
        D:1 |      46 |       0 |   0.0 |      21 |       0 |   0.0
        D:2 |     171 |       0 |   0.0 |      26 |       0 |   0.0
        D:3 |      88 |       0 |   0.0 |      23 |       0 |   0.0
        D:4 |     306 |      43 |  12.3 |      10 |       1 |   9.1
        D:5 |    1059 |       0 |   0.0 |      38 |       0 |   0.0
        D:6 |     752 |      29 |   3.7 |      17 |       4 |  19.0
        D:7 |     913 |     613 |  40.2 |      25 |       5 |  16.7
        D:8 |     724 |     485 |  40.1 |      17 |       1 |   5.6
        D:9 |    1099 |     742 |  40.3 |      18 |       4 |  18.2
       D:10 |    3175 |    2097 |  39.8 |      27 |       3 |  10.0
       D:11 |    6230 |     411 |   6.2 |      50 |       3 |   5.7
       D:12 |    2909 |    1550 |  34.8 |      16 |      20 |  55.6
      Sewer |       0 |     157 | 100.0 |       0 |       6 | 100.0
            +---------+---------+-------+---------+---------+-------
